 Dungeon Crawl Stone Soup version 0.19-a0-1933-g052ff51 (webtiles) character file.

64 Jorund the Chopper (level 3, -3/27 HPs)
             Began as a Demonspawn Gladiator on Oct 26, 2016.
             Killed by nerve-wracking pain
             ... invoked by Grinder
              (10 damage)
             ... on level 3 of the Dungeon.
             The game lasted 00:03:16 (1665 turns).

Jorund the Chopper (Demonspawn Gladiator)           Turns: 1665, Time: 00:03:17

Health: -3/27      AC:  4    Str: 15    XL:     3   Next: 91%
Magic:  3/3        EV: 12    Int:  8    God:
Gold:   79         SH:  0    Dex: 15    Spells: 0 memorised, 2 levels left

rFire  . . .     SeeInvis .     a - +0 war axe
rCold  . . .     Gourm    .     b - +0 leather armour
rNeg   . . .     Faith    .     (no shield)
rPois  .         Spirit   .     c - +0 helmet
rElec  .         Reflect  .     (no cloak)
rCorr  .         Harm     .     (no gloves)
MR     .....                    (no boots)
Stlth  +.........               (no amulet)
                                (no ring)
                                (no ring)

@: no status effects
A: hooves 2, agile 1, dopey 1, screaming 1
a: no special abilities


You were on level 3 of the Dungeon.
You were not hungry.

You visited 1 branch of the dungeon, and saw 3 of its levels.

You collected 79 gold pieces.

Inventory:

Hand Weapons
 a - a +0 war axe (weapon)
Missiles
 d - 2 throwing nets (quivered)
 m - 8 javelins
Armour
 b - a +0 leather armour (worn)
 c - a +0 helmet (worn)
Wands
 l - a wand of enslavement (13/24)
Scrolls
 e - 3 scrolls of identify
 g - a scroll of blinking
 k - 4 scrolls of remove curse
Comestibles
 f - 4 bread rations
 h - 5 fruits
 i - a chunk of flesh
 j - 2 meat rations
 n - a beef jerky


   Skills:
 - Level 2.0 Fighting
 + Level 4.4 Axes
 - Level 1.7 Throwing
 - Level 2.6 Dodging


You had 2 spell levels left.
You didn't know any spells.

Dungeon Overview and Level Annotations

Branches:
Dungeon (3/15)

Altars:

Annotations:
D:2 Sigmund
D:3 Grinder


Innate Abilities, Weirdness & Mutations

You have hoof-like feet.
You are agile. (Dex +2)
You are dopey. (Int -2)
You occasionally shout uncontrollably at your foes.


Message History

You closely miss the hobgoblin.
The hobgoblin is moderately wounded.
Grinder blinks!
The hobgoblin hits you with a club.
You hit the hobgoblin.
You kill the hobgoblin!
You barely miss Grinder. Grinder barely misses you.
You aren't carrying any potions.
Unknown command.
You closely miss Grinder. Grinder gestures at you.
Pain shoots through your body!
* * * LOW HITPOINT WARNING * * *
You are too injured to fight recklessly!
You are too injured to fight recklessly!
You are too injured to fight recklessly!
You hit Grinder.
Grinder is lightly wounded.
Grinder gestures at you. Pain shoots through your body!
You die...

#####
#####...########
##()(..#........
##...##...####.#####
#...................
#....##.....#.....#.
#.#5##....[.......#
# #@##.#....#.....#
#)##.#.#.###...##.
#.##.....###.<##.#
#...............#
####.....###.###.#
... #.. . #.. ...
...#


You could see Grinder.

Vanquished Creatures
  2 adders (D:2)
  An ooze (D:1)
  A dart slug (D:1)
  2 giant cockroaches
  7 goblins
  5 hobgoblins
  9 bats
  4 frilled lizards
  3 kobolds
  5 rats
39 creatures vanquished.

Notes
Turn   | Place    | Note
-------+----------+-------------------------------------------
     0 | D:1      | Jorund the Demonspawn Gladiator began the quest for the Orb.
     0 | D:1      | Reached XP level 1. HP: 16/16 MP: 1/1
    90 | D:1      | Reached skill level 3 in Axes
   101 | D:1      | Gained mutation: You have large cloven feet. [demonic ancestry]
   101 | D:1      | Reached XP level 2. HP: 21/22 MP: 2/2
   672 | D:2      | Gained mutation: You have hoof-like feet. [demonic ancestry]
   672 | D:2      | Reached XP level 3. HP: 3/27 MP: 3/3
   897 | D:2      | Reached skill level 4 in Axes
   945 | D:2      | Noticed Sigmund
   950 | D:2      | Gained mutation: You are agile. (Dex +2) [potion of mutation]
   950 | D:2      | Gained mutation: You are dopey. (Int -2) [potion of mutation]
   950 | D:2      | Gained mutation: You occasionally shout uncontrollably at your foes. [potion of mutation]
  1661 | D:3      | Noticed Grinder
  1665 | D:3      | Killed from afar by Grinder

Vault maps used:
D:1:      elethiomel_arrival_quiet, feat_on_display
D:2:      corexii_corridor_pit, fountainhead, uniq_sigmund
D:3:      uniq_grinder

Skill      XL: |  1  2  3 |
---------------+----------+-----
Axes           | 3 4 |  4.4
Fighting       | |  2.0
Throwing       | |  1.7
Dodging        | |  2.6

Action                   || total
-------------------------++-------
Melee: War axe           ||   134
       Kick              ||    18
Throw: Throwing net      ||     2
Evoke: Wand              ||     1
  Use: Potion            ||     3
       Scroll            ||     2
 Stab: Held in net/web   ||     1
  Eat: Chunk             ||     3
Armor: Leather armour    ||    42
Dodge: Dodged            ||   127
